[Event "Titled Tuesday Blitz May 2 Late 2023"]
[White "Mustafayev, Farid"]
[Black "Naroditsky, Daniel"]
[WhiteFideId "13408771"]
[BlackFideId "2026961"]
[WhiteElo "2237"]
[BlackElo "2633"]
[Result "1-0"]
[Round "01"]
[TimeControl "180+2"]
[Date "2023.05.02"]
[WhiteClock "0:00:00"]
[BlackClock "0:00:00"]

1. c4 e5 2. g3 c6 3. Bg2 Nf6 4. d4 d6 5. Nc3 Nbd7 6. b3 Be7 7. Bb2 O-O 8. dxe5 dxe5 9. Nf3 Qc7 10. O-O Re8 11. Qc2 Nf8 12. Rad1 Ng6 13. Ng5 Bf8 14. Nge4 Nxe4 15. Nxe4 f5 16. Nc3 e4 17. e3 Ne5 18. Ne2 a5 19. h4 Be6 20. Nf4 Bf7 21. a4 Be7 22. Rd2 Bf6 23. Rfd1 Rad8 24. Bc3 Ng4 25. Bxf6 Nxf6 26. Qc3 Rxd2 27. Rxd2 h6 28. Bh3 Re5 29. Rd8+ Qxd8 30. Qxe5 Qd1+ 31. Bf1 Qxb3 32. Qxa5 Qd1 33. Kg2 Qf3+ 34. Kg1 Qd1 35. Kg2 Qd7 36. Be2 Ne8 37. Qe5 Nc7 38. Bh5 Bxc4 39. Bg6 Bd5 40. Bxf5 Qd8 41. Bxe4 Bxe4+ 42. Qxe4 Qd7 43. Qe5 Ne8 44. e4 Nf6 45. h5 Kh7 46. Ne6 Qd3 47. Qf5+ Kg8 48. Nc5 Qc4 49. a5 Qb5 50. Qc8+ Kh7 51. Ne6 Qxh5 52. Nf8+ Kg8 53. Nd7+ Ne8 54. Qxb7 Qxa5 55. Qxc6 Qh5 56. Qe6+ Qf7 57. Qg4 Qe7 58. e5 Nc7 59. Qc4+ Ne6 60. Nc5 Qxc5 61. Qxe6+ Kh8 62. Qf5 Qd5+ 63. Kh2 Kg8 64. Qf4 Qe6 65. Qe3 Kf7 66. Qe4 Kg8 67. Kg2 Kf7 68. f4 Qa2+ 69. Kh3 Qa1 70. e6+ Ke7 71. f5 Qf1+ 72. Kh4 Qa1 73. Qb7+ Kd6 74. Qd7+ Kc5 75. Qc7+ Kd5 76. Qb7+ Kd6 77. Qe4 Ke7 78. Kh5 Qf6 79. Qh4 g5 80. fxg6 1-0


[Site "https://www.chess.com"]

[Event "Titled Tuesday Blitz May 2 Late 2023"]
[White "Nakamura, Hikaru"]
[Black "Risteski, Emil"]
[WhiteFideId "2016192"]
[BlackFideId "15005267"]
[WhiteElo "2885"]
[BlackElo "2251"]
[Result "1-0"]
[Round "01"]
[TimeControl "180+2"]
[Date "2023.05.02"]
[WhiteClock "0:00:36"]
[BlackClock "0:00:04"]

1. Nf3 f5 2. d3 Nc6 3. e4 e5 4. Nc3 Nf6 5. exf5 d5 6. Nh4 Bb4 7. a3 Ba5 8. Bd2 O-O 9. g3 Ne7 10. Bg2 Nxf5 11. Nxf5 Bxf5 12. O-O Qd7 13. Nxd5 Nxd5 14. Bxa5 Bh3 15. Bd2 Rf7 16. Qe2 Re8 17. Bxh3 Qxh3 18. f4 Rfe7 19. fxe5 Rxe5 20. Qf3 Nf6 21. Rf2 h6 22. Bc3 Re3 23. Qg2 Qxg2+ 24. Rxg2 Nd5 25. Bd2 R3e6 26. Rf2 c6 27. Rc1 Nf6 28. h3 a6 29. Kg2 Nd5 30. c4 Ne3+ 31. Kh2 R8e7 32. d4 g6 33. b3 Nf5 34. d5 cxd5 35. cxd5 Re2 36. Kg2 Ne3+ 37. Kf3 Rxf2+ 38. Kxf2 Nxd5 39. Bxh6 Kf7 40. Bg5 Rd7 41. Kf3 Nf6 42. Rc3 Nh7 43. Bf4 Ke6 44. Rc7 Rd3+ 45. Ke4 Rd7 46. Rxd7 Kxd7 47. Ke5 Ke7 48. Be3 Kf7 49. g4 Nf6 50. Kd6 b5 51. Kc6 Ke6 52. Kb7 Nd5 53. Bd2 a5 54. Bxa5 Nf4 55. h4 Nd3 56. Kb6 Nc1 57. Kxb5 Nxb3 58. Bb6 Nd2 59. a4 1-0


[Site "https://www.chess.com"]

[Event "Titled Tuesday Blitz May 2 Late 2023"]
[White "Meunier-Pion, Jean"]
[Black "Firouzja, Alireza"]
[WhiteFideId "20685327"]
[BlackFideId "12573981"]
[WhiteElo "2124"]
[BlackElo "2904"]
[Result "0-1"]
[Round "01"]
[TimeControl "180+2"]
[Date "2023.05.02"]
[WhiteClock "0:00:02"]
[BlackClock "0:00:11"]

1. e4 c5 2. Nf3 d6 3. d4 cxd4 4. Nxd4 Nf6 5. Nc3 a6 6. h3 e6 7. g4 Nfd7 8. Bg2 Be7 9. Be3 O-O 10. O-O Nc6 11. a4 Qc7 12. Qd2 Rb8 13. f4 Nc5 14. f5 Ne5 15. b3 Bd7 16. b4 Nc4 17. Qe2 Nxe3 18. Qxe3 Bf6 19. bxc5 Qxc5 20. e5 dxe5 21. Ne4 Qxd4 22. Qxd4 exd4 23. Rad1 Bxa4 24. Nxf6+ gxf6 25. Rxd4 Bxc2 26. Rc1 Bb3 27. Rd7 b5 28. Ra7 Rb6 29. fxe6 Bxe6 30. Bb7 Rb8 31. Bxa6 b4 32. Bd3 b3 33. Kf2 b2 34. Rb1 Rb3 35. Ke2 Rd8 36. Bc2 Rxh3 37. Rxb2 Bxg4+ 38. Ke1 Be6 39. Kf2 Rd2+ 40. Kg1 Rhh2 41. Rb8+ Kg7 42. Be4 Rhe2 43. Rb1 Rxe4 44. Ra3 Rg4+ 45. Kf1 Bc4+ 46. Ke1 Re2+ 47. Kd1 Rg1# 0-1


[Site "https://www.chess.com"]

[Event "Titled Tuesday Blitz May 2 Late 2023"]
[White "Caruana, Fabiano"]
[Black "Hajiyev, Kanan"]
[WhiteFideId "2020009"]
[BlackFideId "13404148"]
[WhiteElo "2837"]
[BlackElo "2103"]
[Result "1-0"]
[Round "01"]
[TimeControl "180+2"]
[Date "2023.05.02"]
[WhiteClock "0:00:00"]
[BlackClock "0:00:00"]

1. d4 d5 2. c4 c6 3. Nf3 Nf6 4. e3 Bf5 5. Nc3 e6 6. Nh4 Bg4 7. f3 Bh5 8. Qb3 Qb6 9. g4 Bg6 10. Nxg6 hxg6 11. Bd2 Be7 12. Bd3 Nbd7 13. Qc2 O-O-O 14. cxd5 Nxd5 15. Nxd5 exd5 16. O-O-O Rde8 17. Kb1 Kb8 18. h3 Bb4 19. Bc1 g5 20. e4 f6 21. exd5 cxd5 22. Bf5 Qc7 23. Qb3 Bd6 24. Qxd5 Nb6 25. Qb3 Re2 26. Bd2 Qc4 27. Qd3 Rhe8 28. Rhe1 Qxd3+ 29. Bxd3 Rxe1 30. Rxe1 Rxe1+ 31. Bxe1 Nd5 32. a3 Kc7 33. Kc2 Ne3+ 34. Kb3 a6 35. Ba5+ Kd7 36. Be4 Kc8 37. a4 Ng2 38. Kc4 Nf4 39. Bd2 Nxh3 40. Kd5 Kd7 41. Bf5+ Ke7 42. Bc8 b5 43. a5 Nf4+ 44. Kc6 Ne6 45. Bxa6 Nxd4+ 46. Kd5 Nb3 47. Be1 b4 48. Bd3 Nxa5 49. Bc2 Nb7 50. Kc4 Na5+ 51. Kb5 Nb7 52. Be4 Nd8 53. Bd5 Be5 54. Bxb4+ Kd7 55. b3 Ne6 56. Bxe6+ Kxe6 57. Kc6 Bd4 58. Bd2 Ke5 59. b4 Bf2 60. b5 Kd4 61. b6 Kd3 62. b7 Ba7 63. Ba5 Bb8 64. Bc7 Ba7 65. Kb5 Ke3 66. Bb6+ Bxb6 67. Kxb6 Kxf3 68. b8=Q Kxg4 69. Kc5 f5 70. Kd4 f4 71. Ke4 Kg3 72. Qe5 g6 73. Qxg5+ 1-0


[Site "https://www.chess.com"]

[Event "Titled Tuesday Blitz May 2 Late 2023"]
[White "Maiti, Milind"]
[Black "Fedoseev, Vladimir"]
[WhiteFideId "2090767"]
[BlackFideId "24130737"]
[WhiteElo "2150"]
[BlackElo "2752"]
[Result "1/2-1/2"]
[Round "01"]
[TimeControl "180+2"]
[Date "2023.05.02"]
[WhiteClock "0:00:07"]
[BlackClock "0:00:04"]

1. d4 Nf6 2. c4 e6 3. Nc3 Bb4 4. Qc2 d5 5. a3 Bxc3+ 6. Qxc3 O-O 7. cxd5 exd5 8. Bf4 Nc6 9. e3 Bf5 10. f3 Nh5 11. Bg3 Nxg3 12. hxg3 Qd6 13. Ne2 Nd8 14. Kf2 Ne6 15. Nf4 c6 16. Bd3 Bg6 17. Rh4 Nxf4 18. gxf4 f5 19. Rah1 Rae8 20. Qd2 h6 21. g4 fxg4 22. Rxg4 Bxd3 23. Qxd3 Re6 24. b4 Rf7 25. Rhg1 b6 26. Rg6 Rfe7 27. Rxe6 Qxe6 28. f5 Qf6 29. Rg4 h5 30. Rf4 Rf7 31. e4 g5 32. fxg6 Qxf4 33. gxf7+ Qxf7 34. e5 Kg7 35. Qe3 Qf5 36. e6 Kf8 37. Qh6+ Ke7 38. Qg7+ Kxe6 39. Qxa7 Qc2+ 40. Kg3 Qg6+ 41. Kf2 Qc2+ 42. Kg3 b5 43. Qc7 Qc3 44. Qe5+ Kd7 45. Qg7+ Kc8 46. Qf8+ Kb7 47. Qe7+ Ka6 48. Qc7 Qe1+ 49. Kh3 Qf1+ 50. Kg3 Qg1+ 51. Kh3 Qh1+ 52. Kg3 h4+ 53. Kg4 Qg2+ 54. Kxh4 Qf2+ 55. Kg4 Qxd4+ 56. f4 Qf6 57. f5 Qd4+ 58. Kg5 Qg1+ 59. Kf6 Qd4+ 60. Ke6 Qe4+ 61. Qe5 Qc4 62. f6 d4+ 63. Ke7 d3 64. f7 Qh4+ 65. Qf6 Qxf6+ 66. Kxf6 d2 67. f8=Q d1=Q 68. Qb8 Qd4+ 69. Ke7 Qd5 70. Qa8+ Kb6 71. Qb8+ Ka6 72. Qa8+ Kb6 73. Qb8+ Ka6 1/2-1/2


[Site "https://www.chess.com"]

[Event "Titled Tuesday Blitz May 2 Late 2023"]
[White "Paravyan, David"]
[Black "Liu, Eric"]
[WhiteFideId "4194985"]
[BlackFideId "30960240"]
[WhiteElo "2563"]
[BlackElo "2094"]
[Result "1-0"]
[Round "01"]
[TimeControl "180+2"]
[Date "2023.05.02"]
[WhiteClock "0:00:00"]
[BlackClock "0:00:00"]

1. e4 b6 2. d4 Bb7 3. Bd3 e6 4. Nf3 Be7 5. O-O h5 6. Re1 h4 7. h3 d5 8. Nc3 Nf6 9. exd5 Nxd5 10. Nxd5 Bxd5 11. Qe2 Nd7 12. Bf4 O-O 13. Rad1 Re8 14. c4 Bb7 15. Be4 Qc8 16. Bg5 Bxg5 17. Nxg5 Nf6 18. Bf3 Bxf3 19. Nxf3 c5 20. b3 cxd4 21. Rxd4 Qc5 22. Qe5 Qxe5 23. Nxe5 Rad8 24. Red1 Rxd4 25. Rxd4 g5 26. f4 gxf4 27. Rxf4 Kg7 28. Rd4 Rc8 29. Nf3 Rc5 30. Nxh4 Ra5 31. a4 Re5 32. Nf3 Re3 33. b4 Ra3 34. a5 bxa5 35. b5 Rd3 36. Rxd3 1-0


[Site "https://www.chess.com"]

[Event "Titled Tuesday Blitz May 2 Late 2023"]
[White "Santos Flores, Alberto"]
[Black "Duda, Jan-Krzysztof"]
[WhiteFideId "3601234"]
[BlackFideId "1170546"]
[WhiteElo "2235"]
[BlackElo "2790"]
[Result "0-1"]
[Round "01"]
[TimeControl "180+2"]
[Date "2023.05.02"]
[WhiteClock "0:00:09"]
[BlackClock "0:00:39"]

1. d4 g6 2. e4 Bg7 3. Nf3 d6 4. Nc3 a6 5. Be3 Nd7 6. Bd3 b6 7. d5 Bb7 8. Qd2 c6 9. dxc6 Bxc6 10. Nd4 Bb7 11. f3 h5 12. O-O-O Ngf6 13. Kb1 b5 14. h4 Ne5 15. Bg5 Rc8 16. f4 Nxd3 17. cxd3 Ng4 18. Nf3 Bxc3 19. bxc3 f6 20. f5 fxg5 21. Qxg5 gxf5 22. Nd4 Ne5 23. Rhf1 Rxc3 24. Qxf5 Qb6 25. Ne6 Bc8 26. d4 Bxe6 27. Qxe6 Nc6 28. Qf7+ Kd8 29. e5 Qa5 30. exd6 Qb4+ 31. Ka1 Rc2 32. dxe7+ Nxe7 33. Qb3 Qxb3 34. axb3 Nd5 35. Rf5 Nc3 0-1


[Site "https://www.chess.com"]

[Event "Titled Tuesday Blitz May 2 Late 2023"]
[White "Bluebaum, Matthias"]
[Black "Remolar Gallen, Jose"]
[WhiteFideId "24651516"]
[BlackFideId "2215187"]
[WhiteElo "2638"]
[BlackElo "2223"]
[Result "1-0"]
[Round "01"]
[TimeControl "180+2"]
[Date "2023.05.02"]
[WhiteClock "0:00:00"]
[BlackClock "0:00:00"]

1. d4 Nf6 2. c4 g6 3. Nc3 d5 4. cxd5 Nxd5 5. e4 Nxc3 6. bxc3 Bg7 7. Nf3 c5 8. Bb5+ Nd7 9. O-O O-O 10. Re1 a6 11. Bf1 Qa5 12. Bd2 b5 13. a4 b4 14. cxb4 cxb4 15. Qb3 Rb8 16. Rab1 Qh5 17. h3 Nf6 18. e5 Be6 19. Bc4 Bxc4 20. Qxc4 Rfc8 21. Qa2 Ne8 22. Rxb4 e6 23. Rxb8 Rxb8 24. Qc4 Qf5 25. Qxa6 Qc2 26. Rc1 Qb3 27. a5 Bf8 28. Qc4 1-0


[Site "https://www.chess.com"]

[Event "Titled Tuesday Blitz May 2 Late 2023"]
[White "Huber, Benedikt"]
[Black "Kollars, Dmitrij"]
[WhiteFideId "12923583"]
[BlackFideId "12909572"]
[WhiteElo "2199"]
[BlackElo "2584"]
[Result "0-1"]
[Round "01"]
[TimeControl "180+2"]
[Date "2023.05.02"]
[WhiteClock "0:01:01"]
[BlackClock "0:01:19"]

1. d4 d6 2. e4 Nf6 3. Nc3 e5 4. Nf3 Nbd7 5. Rg1 Be7 6. g4 h6 7. g5 hxg5 8. Bxg5 c6 9. Qd2 b5 10. dxe5 Nxe5 11. Be2 b4 12. Nd1 Nxe4 13. Qe3 Nxg5 14. Nxg5 Qb6 15. Ne4 Bf5 16. f3 Bg6 17. Qxb6 axb6 18. Ne3 d5 19. Ng3 Bc5 0-1


[Site "https://www.chess.com"]

[Event "Titled Tuesday Blitz May 2 Late 2023"]
[White "Grischuk, Alexander"]
[Black "Liang, Justin"]
[WhiteFideId "4126025"]
[BlackFideId "2099942"]
[WhiteElo "2727"]
[BlackElo "2052"]
[Result "1-0"]
[Round "01"]
[TimeControl "180+2"]
[Date "2023.05.02"]
[WhiteClock "0:00:00"]
[BlackClock "0:00:00"]

1. e4 c5 2. Nc3 Nc6 3. Nf3 e6 4. Bb5 Nd4 5. O-O a6 6. Bd3 b5 7. Nxd4 cxd4 8. Ne2 Qb6 9. c3 dxc3 10. dxc3 Nf6 11. b4 Bb7 12. Be3 Qc7 13. f3 Be7 14. a4 bxa4 15. Rxa4 O-O 16. Qd2 d5 17. e5 Qxe5 18. Bf4 Qh5 19. Ng3 Qh4 20. Bg5 Ne4 21. Nxe4 Bxg5 22. Qxg5 Qxg5 23. Nxg5 Rfc8 24. Ra3 h6 25. Nh3 e5 26. Nf2 Rc7 27. Rfa1 Rac8 28. Nd1 e4 29. Bxa6 exf3 30. gxf3 d4 31. cxd4 Bxa6 32. Rxa6 Rc4 33. Ra8 Rxa8 34. Rxa8+ Kh7 35. Ra1 Rxb4 36. d5 Kg6 37. Ne3 Kg5 38. Rd1 Kf4 39. d6 Rb8 40. d7 Rd8 41. Kf2 Ke5 42. Nc4+ Ke6 43. Nb6 f6 44. Re1+ Kf7 45. Rc1 Ke7 46. Rc8 g5 47. Kg3 f5 48. h3 h5 49. Kg2 h4 50. Kf2 1-0


[Site "https://www.chess.com"]

[Event "Titled Tuesday Blitz May 2 Late 2023"]
[White "Rengifo Blancas, Renzo Jhonathan"]
[Black "Sarana, Alexey"]
[WhiteFideId "3807185"]
[BlackFideId "24133795"]
[WhiteElo "2085"]
[BlackElo "2714"]
[Result "0-1"]
[Round "01"]
[TimeControl "180+2"]
[Date "2023.05.02"]
[WhiteClock "0:00:00"]
[BlackClock "0:00:00"]

1. e4 c5 2. c3 Nf6 3. e5 Nd5 4. d4 cxd4 5. Nf3 d6 6. cxd4 Nc6 7. Bc4 dxe5 8. dxe5 Ndb4 9. Qxd8+ Nxd8 10. Na3 a6 11. Bd2 Nbc6 12. Rc1 Bg4 13. Bf4 e6 14. Nc2 Rc8 15. Ne3 Bxf3 16. gxf3 Nd4 17. Bb5+ N8c6 18. Bxc6+ bxc6 19. Kd2 g5 20. Bg3 h5 21. h4 gxh4 22. Bxh4 Nxf3+ 23. Kd3 Nxe5+ 24. Ke4 Bg7 25. Bg3 Ng6 26. Nc4 f5+ 27. Kf3 Ke7 28. Bd6+ Kf6 29. Rhg1 Rhd8 30. Rce1 Bh6 31. Nb6 Rxd6 32. Nxc8 Rd3+ 33. Kg2 Rd2 34. Rb1 Nf4+ 35. Kf3 Rd3# 0-1


[Site "https://www.chess.com"]

[Event "Titled Tuesday Blitz May 2 Late 2023"]
[White "Deac, Bogdan-Daniel"]
[Black "Urbina Perez, Juan Antonio"]
[WhiteFideId "1226380"]
[BlackFideId "2217368"]
[WhiteElo "2649"]
[BlackElo "2197"]
[Result "1-0"]
[Round "01"]
[TimeControl "180+2"]
[Date "2023.05.02"]
[WhiteClock "0:00:08"]
[BlackClock "0:00:05"]

1. b3 d5 2. Bb2 e6 3. e3 Nf6 4. c4 Be7 5. cxd5 exd5 6. Nf3 O-O 7. g3 c6 8. Bg2 a5 9. Nc3 Bf5 10. O-O Nbd7 11. d3 Bg4 12. h3 Bh5 13. g4 Bg6 14. Nh4 Re8 15. Nxg6 hxg6 16. Qc2 Bd6 17. Rae1 Qe7 18. Nd1 Be5 19. Bc1 Bc7 20. f4 a4 21. Bb2 axb3 22. axb3 Qc5 23. Qb1 Qb5 24. Bd4 Bb6 25. Bxb6 Qxb6 26. Re2 Ra3 27. b4 Rea8 28. Rb2 Qb5 29. Nf2 Qb6 30. Qc1 Ra1 31. Qd2 Rxf1+ 32. Bxf1 Ra1 33. Kg2 Ne8 34. Be2 Nc7 35. Nd1 Ne6 36. d4 Nf6 37. Nf2 Nc7 38. g5 Nfe8 39. Qc3 Nd6 40. b5 Ncxb5 41. Rxb5 Nxb5 42. Qxa1 Qc7 43. Qa8+ Kh7 44. h4 Nxd4 45. exd4 Qxf4 46. Qa3 Qxd4 47. Qg3 b5 48. h5 gxh5 49. Bxh5 g6 50. Be2 b4 51. Ng4 b3 52. Qh4+ Kg7 53. Qh6+ Kg8 54. Nf6+ 1-0


[Site "https://www.chess.com"]

[Event "Titled Tuesday Blitz May 2 Late 2023"]
[White "Maghsoodloo, Parham"]
[Black "Koc, Przemyslaw"]
[WhiteFideId "12539929"]
[BlackFideId "1109081"]
[WhiteElo "2647"]
[BlackElo "2161"]
[Result "1-0"]
[Round "01"]
[TimeControl "180+2"]
[Date "2023.05.02"]
[WhiteClock "0:00:00"]
[BlackClock "0:00:00"]

1. d4 f5 2. c4 Nf6 3. Nc3 g6 4. g3 Bg7 5. Bg2 O-O 6. Nh3 e6 7. O-O d6 8. b3 c6 9. Bb2 h6 10. Nf4 g5 11. Nd3 Qe7 12. e4 fxe4 13. Nxe4 Nxe4 14. Bxe4 d5 15. Bg2 Nd7 16. Re1 Qf7 17. Qe2 dxc4 18. bxc4 Nb6 19. Ne5 Bxe5 20. dxe5 Na4 21. Bd4 c5 22. Be3 Rb8 23. Qc2 Bd7 24. Rad1 Rfc8 25. Rd6 b5 26. Red1 Rc7 27. cxb5 Bxb5 28. Bh3 Re8 29. Qb3 a6 30. Bxe6 Rxe6 31. Qxe6 Qxe6 32. Rxe6 Nc3 33. Rd8+ Kg7 34. h4 Ne4 35. hxg5 hxg5 36. a4 Bxa4 37. Rxa6 Bc6 38. g4 c4 39. Rd4 Bb5 40. Rb6 Nc3 41. Kg2 Be8 42. Bxg5 Ne2 43. Rd8 Bf7 44. e6 Bg6 45. Rd7+ Rxd7 46. exd7 1-0


[Site "https://www.chess.com"]

[Event "Titled Tuesday Blitz May 2 Late 2023"]
[White "Erzhanov, Arman"]
[Black "Matlakov, Maxim"]
[WhiteFideId "4138821"]
[BlackFideId "4168003"]
[WhiteElo "2138"]
[BlackElo "2666"]
[Result "0-1"]
[Round "01"]
[TimeControl "180+2"]
[Date "2023.05.02"]
[WhiteClock "0:00:00"]
[BlackClock "0:00:00"]

1. e4 c5 2. Nf3 e6 3. b3 Nc6 4. Bb5 Nge7 5. Bb2 a6 6. Bxc6 Nxc6 7. O-O d6 8. d4 cxd4 9. Nxd4 Bd7 10. Re1 Ne5 11. c4 Be7 12. Nd2 Nd3 13. Re3 Nxb2 14. Qc2 Na4 15. bxa4 Bf6 16. Rd3 Qa5 17. N4b3 Qxa4 18. Rd1 Be7 19. c5 dxc5 20. Nc4 Rd8 21. Nb6 Qxe4 22. Qd2 c4 23. Rxd7 O-O 24. Rxd8 Bxd8 25. Qxd8 cxb3 26. axb3 Qe1+ 27. Rxe1 Rxd8 28. Kf1 Rd3 29. Rc1 h5 30. b4 Rb3 31. Rc4 g5 32. Ke2 Kg7 33. Nd7 b5 34. Rd4 Rb2+ 35. Ke3 f6 36. g3 e5 37. Rd6 Rb3+ 38. Ke2 Rb2+ 39. Kf1 Rxb4 40. Rxa6 f5 41. Nxe5 Rb1+ 42. Kg2 g4 43. Nc6 b4 44. Rb6 b3 45. Nd4 f4 46. gxf4 b2 47. Nf5+ Kf7 48. Ne3 Ke7 49. Rb5 Kf6 50. f5 Kg5 51. Rb6 h4 52. f6 h3+ 53. Kg3 Rg1+ 54. Ng2 Rxg2# 0-1


[Site "https://www.chess.com"]

[Event "Titled Tuesday Blitz May 2 Late 2023"]
[White "Hakobyan, Aram"]
[Black "Principe, Gerson"]
[WhiteFideId "13306677"]
[BlackFideId "3804550"]
[WhiteElo "2584"]
[BlackElo "2229"]
[Result "1-0"]
[Round "01"]
[TimeControl "180+2"]
[Date "2023.05.02"]
[WhiteClock "0:00:01"]
[BlackClock "0:00:00"]

1. d4 Nf6 2. c4 e6 3. Nc3 Bb4 4. e3 O-O 5. a3 Bxc3+ 6. bxc3 c5 7. Ne2 Nc6 8. Ng3 b6 9. e4 d6 10. Ra2 Ba6 11. Bg5 h6 12. h4 Ne7 13. Bxf6 gxf6 14. Nh5 Ng6 15. Qf3 Rc8 16. Nxf6+ Kg7 17. Nh5+ Kh7 18. Rc2 e5 19. d5 Rc7 20. g3 Bc8 21. Bh3 Bxh3 22. Rxh3 f5 23. exf5 Ne7 1-0


[Site "https://www.chess.com"]

[Event "Titled Tuesday Blitz May 2 Late 2023"]
[White "Khandelwal, Ankush"]
[Black "Bortnyk, Mykola"]
[WhiteFideId "413470"]
[BlackFideId "14120836"]
[WhiteElo "2263"]
[BlackElo "2582"]
[Result "0-1"]
[Round "01"]
[TimeControl "180+2"]
[Date "2023.05.02"]
[WhiteClock "0:00:00"]
[BlackClock "0:00:00"]

1. e4 Nf6 2. e5 Nd5 3. c4 Nb6 4. d4 d6 5. exd6 cxd6 6. d5 e5 7. Nc3 Be7 8. Bd3 O-O 9. Nge2 f5 10. b3 N8d7 11. O-O Nc5 12. Bc2 a5 13. Be3 Nbd7 14. f4 e4 15. Kh1 Nf6 16. h3 b6 17. Rg1 h5 18. Nd4 h4 19. Bf2 Nh7 20. Qh5 Bd7 21. g3 Be8 22. Qe2 Kh8 23. Rg2 hxg3 24. Rxg3 Bh4 25. Rg2 Bxf2 26. Qxf2 Qf6 27. Rag1 Ra7 28. Ncb5 Re7 29. a3 Qh6 30. Qe3 Nf6 31. Nxf5 Nxd5 32. cxd5 Rxf5 33. Rg5 Rxg5 34. Rxg5 Bxb5 35. Qd4 Qxh3+ 36. Kg1 Qf1+ 37. Kh2 Qxf4+ 38. Rg3 Bd7 39. Kg2 Bg4 40. b4 axb4 41. axb4 Nd7 42. Qc4 Bf3+ 43. Kh2 Re8 0-1


[Site "https://www.chess.com"]

[Event "Titled Tuesday Blitz May 2 Late 2023"]
[White "Saya, Ethan"]
[Black "Sargsyan, Shant"]
[WhiteFideId "26095181"]
[BlackFideId "13306766"]
[WhiteElo "2189"]
[BlackElo "2628"]
[Result "0-1"]
[Round "01"]
[TimeControl "180+2"]
[Date "2023.05.02"]
[WhiteClock "0:00:02"]
[BlackClock "0:00:47"]

1. e4 g6 2. d4 Nf6 3. e5 Nh5 4. Be2 d6 5. Bxh5 gxh5 6. Qxh5 dxe5 7. Qxe5 Rg8 8. Be3 Rxg2 9. Nc3 Nc6 10. Qe4 Rg6 11. O-O-O Bg7 12. Nge2 Bg4 13. h3 Bxe2 14. Nxe2 Qd6 15. Nf4 O-O-O 16. Nxg6 hxg6 17. c3 e6 18. Kb1 Ne7 19. Bf4 Qb6 20. Be5 Nd5 21. Rd3 Qc6 22. Re1 Bf8 23. Bg3 b5 24. b3 Ba3 25. c4 bxc4 26. bxc4 Qb7+ 27. Rb3 Nc3+ 28. Kc2 Qxe4+ 29. Rxe4 Nxe4 30. Rxa3 Nxg3 31. fxg3 Rxd4 32. Rxa7 Rxc4+ 33. Kd3 Rc1 34. Ke3 Kd7 35. Kf4 f6 36. h4 Rc4+ 37. Kf3 f5 38. Ra8 Rc3+ 39. Kf2 e5 40. Rg8 Rc6 41. h5 gxh5 42. Rg5 Ke6 43. Rxh5 Rc2+ 44. Kf3 Rxa2 45. Rh7 Kd5 46. Rxc7 Ra3+ 47. Kf2 Ra4 48. Rd7+ Ke4 49. Rd2 Ra3 50. Re2+ Kd4 51. Rb2 Kd3 52. Kg2 e4 53. Rb8 Ra2+ 54. Kf1 Ke3 55. Rb3+ Kd4 56. Ke1 Ra1+ 57. Ke2 Ra2+ 58. Ke1 e3 59. Rb4+ Kc3 60. Rb8 Kd3 61. Rd8+ Ke4 62. Rf8 Rg2 63. Rg8 Kf3 64. Kd1 Rg1+ 65. Kc2 e2 66. Re8 e1=Q 67. Rxe1 Rxe1 0-1


[Site "https://www.chess.com"]

[Event "Titled Tuesday Blitz May 2 Late 2023"]
[White "Henriquez Villagra, Cristobal"]
[Black "Manukian, Artak"]
[WhiteFideId "3409350"]
[BlackFideId "13301373"]
[WhiteElo "2542"]
[BlackElo "2130"]
[Result "1-0"]
[Round "01"]
[TimeControl "180+2"]
[Date "2023.05.02"]
[WhiteClock "0:00:00"]
[BlackClock "0:00:00"]

1. Nc3 e5 2. Nf3 Nc6 3. d4 exd4 4. Nxd4 Bc5 5. Nb3 Bb6 6. Nd5 Nge7 7. Nxb6 axb6 8. g3 d5 9. Bg2 Be6 10. O-O Qd7 11. Re1 O-O 12. c3 Bh3 13. Bh1 Rad8 14. Nd4 Nf5 15. Nxc6 bxc6 16. a4 Nd6 17. a5 Bf5 18. axb6 cxb6 19. Qb3 b5 20. Be3 Be4 21. f3 Bg6 22. Bc5 Rfe8 23. Qb4 h5 24. Rad1 Qe6 25. e4 Nb7 26. e5 Nxc5 27. Qxc5 h4 28. Bg2 hxg3 29. hxg3 Rc8 30. g4 Qe7 31. Qxe7 Rxe7 32. f4 Bc2 33. Ra1 Bb3 34. Ra3 Bc2 35. Kf2 Rd7 36. Re2 Be4 37. Bxe4 dxe4 38. Rxe4 Rd2+ 39. Re2 Rcd8 40. Ra6 c5 41. Rb6 Rd1 42. Rxb5 Rh1 43. Rxc5 Rdd1 44. Ke3 Rh3+ 45. Ke4 g5 46. e6 fxe6 47. Rxg5+ Kf7 48. Rc5 Rdd3 49. b4 Rxc3 50. Rxc3 Rxc3 51. Rb2 Ke7 52. b5 Kd7 53. b6 Kc8 54. b7+ Kb8 55. Rb6 Rc4+ 56. Ke5 Rc5+ 57. Kxe6 Rc4 58. Kf5 1-0


[Site "https://www.chess.com"]

[Event "Titled Tuesday Blitz May 2 Late 2023"]
[White "Bilan, Danila"]
[Black "Hansen, Eric"]
[WhiteFideId "24161918"]
[BlackFideId "2606771"]
[WhiteElo "2182"]
[BlackElo "2561"]
[Result "0-1"]
[Round "01"]
[TimeControl "180+2"]
[Date "2023.05.02"]
[WhiteClock "0:00:00"]
[BlackClock "0:00:00"]

1. d4 Nf6 2. Nf3 e6 3. Bg5 h6 4. Bh4 b6 5. e3 Bb7 6. Nbd2 d6 7. c3 Nbd7 8. Bd3 g5 9. Bg3 Nh5 10. e4 Bg7 11. Qc2 a6 12. a4 Qe7 13. O-O-O O-O 14. Rde1 b5 15. a5 c5 16. d5 c4 17. Bf1 Nc5 18. Nd4 Rac8 19. Be2 Nxg3 20. hxg3 Bxd4 21. cxd4 Nd3+ 22. Kb1 Nxe1 23. Rxe1 exd5 24. Bg4 dxe4 25. Bxc8 Rxc8 26. Nf1 c3 27. b3 d5 28. Ne3 Qf6 29. g4 b4 30. Nf5 h5 31. Qe2 Re8 32. Rh1 h4 33. g3 Bc8 34. Ne3 Qf3 35. Qe1 Be6 36. Kc2 Qf6 37. gxh4 Qxd4 0-1


[Site "https://www.chess.com"]

[Event "Titled Tuesday Blitz May 2 Late 2023"]
[White "Yeritsyan, Hayk"]
[Black "Kramnik, Vladimir"]
[WhiteFideId "13307320"]
[BlackFideId "4101588"]
[WhiteElo "2241"]
[BlackElo "2712"]
[Result "0-1"]
[Round "01"]
[TimeControl "180+2"]
[Date "2023.05.02"]
[WhiteClock "0:00:00"]
[BlackClock "0:00:00"]

1. d4 Nf6 2. Nf3 e6 3. e3 c5 4. Bd3 d5 5. c3 Nbd7 6. Nbd2 Be7 7. Qe2 b6 8. O-O Bb7 9. e4 dxe4 10. Nxe4 O-O 11. dxc5 Nxe4 12. Bxe4 Bxe4 13. Qxe4 Nxc5 14. Qe2 Qd3 15. Qxd3 Nxd3 16. Rd1 Rfd8 17. Ne1 Ne5 18. Bf4 Nc4 19. b3 Na3 20. c4 Bf6 21. Rac1 Bb2 22. Kf1 Bxc1 23. Rxc1 Rac8 24. Ke2 e5 25. Be3 f5 26. Rd1 Rxd1 27. Kxd1 b5 28. c5 f4 29. Bd2 Nb1 30. Bb4 a5 31. Bxa5 Rxc5 32. Nd3 Rd5 33. Kc2 Na3+ 34. Kc3 g5 35. Bb4 e4 36. Nb2 e3 37. fxe3 fxe3 38. Bxa3 e2 39. Nd3 Rxd3+ 40. Kxd3 e1=Q 0-1


[Site "https://www.chess.com"]

[Event "Titled Tuesday Blitz May 2 Late 2023"]
[White "Grigoriants, Sergey"]
[Black "Shapiro, Viktor"]
[WhiteFideId "4130804"]
[BlackFideId "4175700"]
[WhiteElo "2502"]
[BlackElo "2152"]
[Result "1-0"]
[Round "01"]
[TimeControl "180+2"]
[Date "2023.05.02"]
[WhiteClock "0:00:00"]
[BlackClock "0:00:00"]

1. d4 Nf6 2. c4 e6 3. g3 c5 4. d5 exd5 5. cxd5 d6 6. Nc3 g6 7. Bg2 Bg7 8. Nf3 O-O 9. O-O Re8 10. h3 Na6 11. Bf4 Nc7 12. a4 b6 13. Re1 a6 14. e4 Nh5 15. Bg5 Bf6 16. Bxf6 Nxf6 17. Nd2 Rb8 18. Nc4 b5 19. axb5 axb5 20. Na5 Bd7 21. Nc6 Bxc6 22. dxc6 Ne6 23. e5 dxe5 24. Qxd8 Rexd8 25. Rxe5 Rdc8 26. Ra7 b4 27. Nd5 Nxd5 28. Bxd5 c4 29. Rxe6 fxe6 30. Bxe6+ Kh8 31. c7 c3 32. cxb8=Q Rxb8 33. bxc3 bxc3 34. Rc7 Rb6 35. Bd5 Rd6 36. Bb3 Rd3 37. Kf1 g5 38. Bc2 1-0


[Site "https://www.chess.com"]